 Dungeon Sprint DCSS version 0.30-a0-879-ga8ba668304 (webtiles) character file.

Game seed: 15470291643898929484

121 fozzywoppz the Shield-Bearer (level 5, -5/46 HPs)
             Began as a Formicid Fighter on Mar 12, 2023.
             Was an Initiate of Okawaru.
             Killed from afar by a gargoyle (26 damage)
             ... with a stone arrow
             ... in the Dungeon (Sprint IX: "|||||||||||||||||||||||||||||").
             The game lasted 00:02:18 (182 turns).

fozzywoppz the Shield-Bearer (Formicid Fighter)      Turns: 182, Time: 00:02:20

Health: -5/46      AC:  9    Str: 22    XL:     5   Next: 26%
Magic:  5/5        EV: 12    Int:  8    God:    Okawaru [......]
Gold:   0          SH:  6    Dex: 16    Spells: 4/4 levels left

rFire   . . .      SeeInvis +    a - +0 war axe
rCold   . . .      Faith    .    c - +0 buckler
rNeg    . . .      Spirit   .    m - +2 ring mail
rPois   .          Reflect  .    (helmet unavailable)
rElec   .          Rampage  .    (no cloak)
rCorr   .                        b - +0 pair of gloves
Will    .....                    (no boots)
Stlth   +                        (no amulet)
HPRegen 0.27/turn                k - +3 ring of dexterity
MPRegen 0.09/turn                l - +2 ring of evasion

@: invisible
A: permanent stasis, dig shafts and tunnels, antennae 3, four strong arms
a: Dig, Renounce Religion


You were in the Dungeon.
You worshipped Okawaru.
Okawaru was noncommittal.
You visited 1 branch

Inventory:

Hand Weapons
 a - a +0 war axe (weapon)
Armour
 b - a +0 pair of gloves (worn)
 c - a +0 buckler (worn)
 m - a +2 ring mail (worn)
Jewellery
 k - a +3 ring of dexterity (left hand)
 l - a +2 ring of evasion (right hand)
Wands
 j - a wand of light (10)
Scrolls
 h - 2 scrolls of blinking
 i - 2 scrolls of amnesia
Potions
 e - 5 potions of curing
 f - 2 potions of heal wounds
 g - 4 potions of magic


   Skills:
 + Level 6.1 Fighting
 + Level 5.1 Axes
 - Level 6.0 Armour
 + Level 7.6 Shields


You had 4 spell levels left.
You didn't know any spells.
Your spell library was empty.

Dungeon Overview and Level Annotations

Branches:
Dungeon (1/1)

Altars:
Cheibriados
Dithmenos
Elyvilon
Fedhas
Gozag
Hepliaklqana
Kikubaaqudgha
Makhleb
Nemelex Xobeh
Okawaru
Qazlal
Ru
Sif Muna
Trog
Uskayaw
Vehumet
Wu Jian
Xom
Yredelemnul
Zin
The Shining One
Jiyva
Lugonu


Innate Abilities, Weirdness & Mutations

You cannot be hasted, slowed, berserked, paralysed or teleported.
You can dig through walls and to a lower floor.
You have a pair of large antennae on your head. (SInv)
Your four strong arms can wield two-handed weapons with a shield.


Message History

The gargoyle hurls a stone arrow at you.
The stone arrow misses you.
You hit the gargoyle but do no damage.
The gargoyle hurls a stone arrow at you.
The stone arrow hits you!!
* * * LOW HITPOINT WARNING * * *
You completely miss the gargoyle.
The killer bee buzzes angrily.
The gargoyle hits you with a +0 flail!
* * * LOW HITPOINT WARNING * * *
Unknown command.
You feel much better.
The gargoyle hurls a stone arrow at you.
The stone arrow misses you.
The killer bee buzzes angrily.
You hit the gargoyle.
The gargoyle is moderately damaged.
The gargoyle hurls a stone arrow at you.
The stone arrow misses you.
You slash the gargoyle!
The gargoyle is severely damaged.
The gargoyle hurls a stone arrow at you.
You block the stone arrow. The gargoyle barely misses you.
You catch the helpless gargoyle completely off-guard!
You slash the gargoyle!
The gargoyle is almost destroyed.
The killer bee buzzes angrily.
The gargoyle hits you with a +0 flail!
You strike the helpless gargoyle from behind!
You hit the gargoyle but do no damage.
The gargoyle is almost destroyed.
The gargoyle hurls a stone arrow at you.
The stone arrow misses you.
The killer bee buzzes angrily.
You hit the gargoyle but do no damage.
The gargoyle is almost destroyed.
The gargoyle hurls a stone arrow at you.
The stone arrow hits you!!
Ouch! That really hurt!
You die...

{
▓.▓
{
▓)▓
{
▓.▓
{
▓.▓
{
▓[▓
{
▓[▓
{
▓.▓
▓.▓
▓@▓
▓9▓
▓x▓
▓y▓
▓O▓
▓.▓
▓y▓
▓+▓


You could see a two-headed ogre (unable to see you), an unseen horror
(invisible), a hornet (wandering, unable to see you), a gargoyle (unable to see
you) and a killer bee (wandering, unable to see you).

Vanquished Creatures
  A scorpion (D)
  A killer bee (D)
  A shadow imp (D)
  3 orcs (D)
  A ball python (D)
  A hobgoblin (D)
  2 frilled lizards (D)
  A rat (D)
11 creatures vanquished.

Notes
Turn   | Place    | Note
-------+----------+-------------------------------------------
     0 | D        | fozzywoppz the Formicid Fighter began the quest for the
                  | Orb.
     0 | D        | Reached XP level 1. HP: 18/18 MP: 1/1
    35 | D        | Noticed a scorpion
    38 | D        | Killed a scorpion
    39 | D        | Reached skill level 5 in Fighting
    39 | D        | Reached skill level 5 in Armour
    39 | D        | Reached skill level 6 in Shields
    39 | D        | Reached XP level 2. HP: 17/27 MP: 2/2
    39 | D        | Reached XP level 3. HP: 21/33 MP: 3/3
    39 | D        | Reached XP level 4. HP: 25/39 MP: 4/4
    53 | D        | Found a snail-covered altar of Cheibriados.
    53 | D        | Found a shadowy altar of Dithmenos.
    53 | D        | Found a white marble altar of Elyvilon.
    53 | D        | Found a blossoming altar of Fedhas.
    53 | D        | Found an opulent altar of Gozag.
    54 | D        | Found a hazy altar of Hepliaklqana.
    55 | D        | Found a viscous altar of Jiyva.
    56 | D        | Found an ancient bone altar of Kikubaaqudgha.
    57 | D        | Found a corrupted altar of Lugonu.
    58 | D        | Found a burning altar of Makhleb.
    59 | D        | Found a sparkling altar of Nemelex Xobeh.
    60 | D        | Found an iron altar of Okawaru.
    61 | D        | Found a stormy altar of Qazlal.
    62 | D        | Found a sacrificial altar of Ru.
    63 | D        | Found a shimmering blue altar of Sif Muna.
    64 | D        | Found a bloodstained altar of Trog.
    65 | D        | Found a hide-covered altar of Uskayaw.
    68 | D        | Found a radiant altar of Vehumet.
    69 | D        | Found an ornate altar of the Wu Jian Council.
    70 | D        | Found a shimmering altar of Xom.
    72 | D        | Became a worshipper of Warmaster Okawaru
    74 | D        | Found a basalt altar of Yredelemnul.
    75 | D        | Found a glowing silver altar of Zin.
    76 | D        | Found a glowing golden altar of the Shining One.
   162 | D        | Noticed a gargoyle
   162 | D        | Noticed an unseen horror
   162 | D        | Noticed a hornet
   162 | D        | Noticed a two-headed ogre
   171 | D        | Reached skill level 5 in Axes
   171 | D        | Reached skill level 7 in Shields
   171 | D        | Reached XP level 5. HP: 40/46 MP: 5/5
   176 | D        | HP: 1/46 [gargoyle/+0 flail (12)]
   182 | D        | Killed from afar by a gargoyle

Illustrated notes

Levels and vault maps discovered:
D:        linesprint [early_d, line_temple, items_1, d_10, items_2, lair_1,
          lair_end, items_3, orc_1, orc_end, items_4, d_15, swamp_1, shoals_1,
          snake_1, spider_1, d_20, vaults_1, items_5, swamp_end, shoals_end,
          snake_end, spider_end, vaults_end, d_27, items_6, zot_1, zot_end,
          crypt_end, forest_end, elf_end, slime_end, tomb_end, abyss_end,
          pan_hell_end]

Skill      XL: |  1  2  3  4 |
---------------+-------------+-----
Fighting       | 5 6 |  6.1
Axes           | 4 5 |  5.1
Armour         | 5 6 |  6.0
Shields        | 6 7 |  7.6

Action                     |  1- 3 |  4- 6 || total
---------------------------+-------+-------++-------
  Melee: War axe           |    16 |    26 ||    42
Ability: Dig               |       |     1 ||     1
    Use: Potion            |     1 |     2 ||     3
   Stab: Invisible         |       |     5 ||     5
 Armour: Scale mail        |     6 |     2 ||     8
         Ring mail         |       |     2 ||     2
  Dodge: Dodged            |     6 |    20 ||    26
  Block: Buckler           |     2 |     8 ||    10

Table legend: (Time is in decaauts)
 A = Elapsed time spent in this place.
 B = Non-inter-level travel time spent in this place.
 C = Inter-level travel time spent in this place.
 D = Time resting spent in this place.
 E = Time spent auto-exploring this place.
 F = Levels seen in this place.
 G = Mean time per level.
                   A        B        C        D        E       F      G
               +--------+--------+--------+--------+--------+-----+--------+
         Total |    194 |    194 |      0 |     31 |      0 |   1 |  194.0 |
       Dungeon |    194 |    194 |      0 |     31 |      0 |   1 |  194.0 |
               +--------+--------+--------+--------+--------+-----+--------+

Top non-repeatable levels by time:
       D: 194 daAuts
